 Dungeon Crawl Stone Soup version bcrawl-1.41.1 (webtiles) character file.

Game seed: 12812787251650134995

166262 TheWayOfAllFlesh the Chopper (level 5, -7/47 HPs)
             Began as a Minotaur Fighter on Apr 20, 2024.
             Was an Initiate of Okawaru.
             Splashed by a jelly's acid (9 damage)
             ... on level 4 of the Dungeon.
             The game lasted 00:03:46 (2781 turns).

TheWayOfAllFlesh the Chopper (Minotaur Fighter)     Turns: 2781, Time: 00:03:46

Health: -7/47      AC: -4    Str: 21    XL:     5   Next: 84%
Magic:  4/4        EV:  6    Int:  6    God:    Okawaru [......]
Gold:   215        SH:  9    Dex:  9    Spells: 4/4 levels left

rFire    . . .     GDR:     25% a - +0 war axe
rCold    . . .     SeeInvis .   c - +0 medium shield
rNeg     . . .     Gourm    .   b - +0 scale mail
rPois    .         Faith    .   (helmet restricted)
rElec    .         Spirit   .   (no cloak)
rCorr    .         Reflect  .   (no gloves)
MR       .....                  (no boots)
Stlth    ..........             (no amulet)
HPRegen  0.17/turn              (no ring)
MPRegen  0.09/turn              (no ring)

@: corroded
A: retaliatory headbutt, horns 2
a: Renounce Religion


You were on level 4 of the Dungeon.
You worshipped Okawaru.
Okawaru was noncommittal.
You were not hungry.

You visited 1 branch of the dungeon, and saw 4 of its levels.

You collected 215 gold pieces.

Inventory:

Hand Weapons
 a - a +0 war axe (weapon)
Armour
 b - a +0 scale mail (worn)
 c - a +0 medium shield (worn)
Jewellery
 g - a cursed ring of positive energy {unknown}
 n - an uncursed amulet of faith {unknown}
 o - an uncursed ring of protection from magic {unknown}
Wands
 u - a wand of paralysis (2)
Scrolls
 h - a scroll of fear {unknown}
 j - 2 scrolls of teleportation
 k - a scroll of immolation
 m - a scroll of blinking {unknown}
 p - 2 scrolls of amnesia {unknown}
 q - 3 scrolls of revelation {unknown}
 s - a scroll of remove curse {unknown}
Potions
 d - a potion of might
 f - a potion of magic
 i - a potion of mutation {unknown}
 l - 2 potions of brilliance
 r - a potion of curing {unknown}
Comestibles
 e - 5 rations {!d}
 t - 6 chunks of flesh


   Skills:
 + Level 4.8 Fighting
 * Level 5.0 Axes
 + Level 4.7 Armour
 + Level 4.8 Shields


You had 4 spell levels left.
You didn't know any spells.
Your spell library contained the following spells:

 Spells                   Type           Power        Failure   Level  Hunger
 Slow                     Hex            #.......     100%        1    None
 Ensorcelled Hibernation  Hex/Ice        #.....       100%        2    ####...
 Confuse                  Hex            #.......     100%        3    #####..
 Dazzling Orbs            Conj/Hex       #......      100%        3    #####..
 Tukima's Dance           Hex            #.......     100%        3    #####..
 Cause Fear               Hex            #.........   100%        4    ######.


Dungeon Overview and Level Annotations

Branches:
Dungeon (4/12)
 Temple: D:4-7

Altars:
Dithmenos
Makhleb
Okawaru
Vehumet


Innate Abilities, Weirdness & Mutations

You reflexively headbutt those who attack you in melee.
You have a pair of horns on your head.


Message History

You are too injured to fight recklessly!
You hit the jelly but do no damage. The acid corrodes you!
Your hands burn!
The jelly is almost dead.
You block the jelly's attack.
You hit the jelly but do no damage.
Your hands burn!
* * * LOW HITPOINT WARNING * * *
The jelly is almost dead.
The jelly hits you.
* * * LOW HITPOINT WARNING * * *
You are splashed with acid!
* * * LOW HITPOINT WARNING * * *
You block the jelly's attack.
You hit the jelly.
Your hands burn!
* * * LOW HITPOINT WARNING * * *
You headbutt the jelly, but do no damage.
The jelly is almost dead.
The jelly hits you.
* * * LOW HITPOINT WARNING * * *
The acid corrodes you!
You are splashed with acid!
You die...

.......# .......#
......#
####....###############.
...'....................
...#....................
...#....................
...#....................
...###'#######..@†..#
...#.........'..J...#
...#.........#......+
.^.#.........#......#
...#.........#[.....#
..####+#####+#......#
###### ..# ######...
#..... ..# .... #.....
..# ... #.....


You could see a jelly.

Vanquished Creatures
  A scorpion (D:4)
  An orc priest (D:4)
  A hound (D:4)
  An orc wizard (D:4)
  3 adders
  An ooze (D:1)
  2 worms
  A dart slug (D:3)
  2 leopard geckos (D:2)
  7 orcs
  A ball python (D:2)
  2 bats
  2 giant cockroaches (D:1)
  4 goblins
  6 hobgoblins
  A jackal (D:1)
  6 kobolds
  A quokka (D:4)
  2 frilled lizards
  4 rats
49 creatures vanquished.

Notes
Turn   | Place    | Note
-------+----------+-------------------------------------------
     0 | D:1      | TheWayOfAllFlesh the Minotaur Fighter began the quest for
                  | the Orb.
     0 | D:1      | Reached XP level 1. HP: 19/19 MP: 0/0
   153 | D:1      | Reached XP level 2. HP: 27/27 MP: 1/1
   271 | D:1      | Reached skill level 3 in Axes
   944 | D:2      | Found a radiant altar of Vehumet.
   944 | D:2      | Found a burning altar of Makhleb.
   948 | D:2      | Reached XP level 3. HP: 33/33 MP: 2/2
   949 | D:2      | Found an iron altar of Okawaru.
   957 | D:2      | Became a worshipper of Warmaster Okawaru
  1041 | D:2      | Found a faded altar of an unknown god.
  1609 | D:3      | Found a shadowy altar of Dithmenos.
  1826 | D:3      | Noticed a sky beast
  2279 | D:3      | Reached XP level 4. HP: 34/40 MP: 3/3
  2347 | D:4      | Reached skill level 4 in Axes
  2545 | D:4      | Reached XP level 5. HP: 42/47 MP: 4/4
  2778 | D:4      | Reached skill level 5 in Axes
  2781 | D:4      | HP: 2/47 [jelly (1)]
  2781 | D:4      | Splashed by a jelly's acid

Skill      XL: |  1  2  3  4  5 |
---------------+----------------+-----
Axes           | 3 4 5 |  5.0
Fighting       | 4 |  4.8
Armour         | 4 |  4.7
Shields        | 4 |  4.8

Action                   |  1- 3 |  4- 6 || total
-------------------------+-------+-------++-------
Melee: War axe           |   115 |    46 ||   161
       Headbutt          |    15 |     4 ||    19
  Use: Scroll            |       |     4 ||     4
  Eat: Chunk             |     6 |     6 ||    12
Armor: Scale mail        |    58 |    18 ||    76
Dodge: Dodged            |    15 |    10 ||    25
Block: Medium shield     |    57 |    23 ||    80
